 Dungeon Crawl Stone Soup version 0.17-a0-1133-gfb1399f (webtiles) character file.

16047 Fluffy the Fighter (level 12, -11/116 HPs)
             Began as a Hill Orc Fighter on May 25, 2015.
             Was a High Priest of Okawaru.
             Killed from afar by an orc sorcerer (40 damage)
             ... with a bolt of fire
             ... on level 4 of the Orcish Mines.
             The game lasted 00:45:47 (12966 turns).

Fluffy the Fighter (Hill Orc Fighter)              Turns: 12966, Time: 00:45:47

Health: -11/116    AC: 21    Str: 20    XL:     12   Next: 33%
Magic:  15/19      EV: 12    Int:  8    God:    Okawaru [*****.]
Gold:   1586       SH:  0    Dex: 22    Spells: 0 memorised, 11 levels left

rFire  . . .     SeeInvis .     k - +7 executioner's axe (chop)
rCold  . . .     Clarity  .     i - +0 plate armour
rNeg   . . .     SustAt   .     (no shield)
rPois  .         Gourm    .     M - +0 hat "Sexeas" {Dex+6}
rElec  .         Spirit   .     u - +0 cloak
rCorr  +         Warding  .     K - +1 pair of gloves of Elitism {-Tele MR+++ rCorr Dex+2}
rMut   +         NoTele   +     (no boots)
MR     +++..                    I - amulet of resist mutation
Stlth  ..........               (no ring)
                                x - +2 ring of evasion

@: heroism, finesse, studying Fighting, drained, extremely resistant to hostile
enchantments, extremely unstealthy
A: no striking features
a: Heroism, Finesse, Renounce Religion


You were on level 4 of the Orcish Mines.
You worshipped Okawaru.
Okawaru was extremely pleased with you.
You were hungry.

You visited 3 branches of the dungeon, and saw 15 of its levels.
You also visited: Bailey.

You collected 1586 gold pieces.

Inventory:

Hand weapons
 k - a +7 executioner's axe of chopping (weapon)
 G - a +0 hand axe of flaming
 L - a +3 arbalest
Missiles
 o - 259 bolts
Armour
 c - the +2 pair of gloves of Hievaxt Tipn {rCorr Stlth+}
   (You acquired it on level 8 of the Dungeon)

   It protects you from acid and corrosion.
   It makes you more stealthy.
 i - a +0 plate armour (worn)
 u - a +0 cloak (worn)
 K - the +1 pair of gloves of Elitism (worn) {-Tele MR+++ rCorr Dex+2}
   (You acquired it on level 9 of the Dungeon)

   It affects your dexterity (+2).
   It affects your resistance to hostile enchantments.
   It prevents most forms of teleportation.
   It protects you from acid and corrosion.
 M - the +0 hat "Sexeas" (worn) {Dex+6}
   (Okawaru gifted it to you on level 10 of the Dungeon)

   It affects your dexterity (+6).
Jewellery
 x - a +2 ring of evasion (left hand)
 I - an amulet of resist mutation (around neck)
Magical devices
 a - a wand of fire (1)
 m - a wand of disintegration (17)
 s - a wand of teleportation (5)
 H - a wand of fireball (9)
 J - a wand of frost (32)
Scrolls
 j - a scroll of recharging
 t - a scroll of fog
 w - 3 scrolls of amnesia
 y - 4 scrolls of teleportation
 C - 4 scrolls of blinking
 F - a scroll of identify
 N - 2 scrolls of enchant armour
Potions
 b - 2 potions of ambrosia
 g - 6 potions of haste
 h - 4 potions of agility
 p - 3 potions of curing
 q - 6 potions of mutation
 r - 4 potions of cancellation
 v - a potion of resistance
 z - a potion of berserk rage
 A - a potion of flight
 D - a potion of cure mutation
Books
 d - a manual of Fighting
Comestibles
 e - 8 bread rations
 f - 3 beef jerkies
 l - 3 fruits
 n - 5 meat rations
 B - 8 royal jellies
 E - 2 slices of pizza


   Skills:
 + Level 13.8(18.6) Fighting
 + Level 13.4(18.2) Axes
 + Level 11.6(16.4) Armour
   Level 3.2(8.1) Shields
 + Level 10.5(10.3) Invocations


You had 11 spell levels left.
You didn't know any spells.

Dungeon Overview and Level Annotations

Branches:
Dungeon (10/15)            Temple (1/1) D:6            Lair (0/8) D:9
    Orc (4/4) D:10            Elf (0/3) Orc:4

Altars:
Ashenzari
Cheibriados
Dithmenos
Elyvilon
Fedhas
Gozag
Kikubaaqudgha
Makhleb
Nemelex Xobeh
Okawaru
Qazlal
Ru
Sif Muna
Trog
Vehumet
Xom
Yredelemnul
Zin
The Shining One
Beogh

Shops:
D:4 (   D:5 [   Orc:4 *(


Message History

Okawaru is honoured by your kill. The orc warrior closely misses you.
The orc wizard gestures wildly while chanting.
The orc wizard blinks!
Things that are here:
an enchanted long sword; a plate armour; an orc corpse You slash the orc warrior!
The orc warrior is heavily wounded.
The orc warrior hits you with a scimitar!
* * * LOW HITPOINT WARNING * * *
You barely miss the orc warrior.
The orc warrior is heavily wounded.
You hit the orc warrior.
The orc warrior is severely wounded.
The orc warrior hits you with a scimitar.
* * * LOW HITPOINT WARNING * * *
You are feeling hungry.
The orc sorcerer casts a spell at you. The bolt of fire hits you!
You die...

### ###### ##.## ###
##.).)##### #...# ##.##
##.o##o....# ##.#####...##
#.o##.......#
##.###.##...###.##...##.#.∩#
#...#...#..###..##..## # .#
##......÷..###.##.o.
##.........##.##..o
#...<#.#..###@##..o
##(.#####...##.#####.
#...##.#..............
##.)........##.#####..
##.).)......##.#
#...........##.#
#...#.......##.#
##..#.......##..
#...........###.


You could see an orc sorcerer.

Vanquished Creatures
  The ghost of OrbSeeker the Geomancer, an experienced GrEE of Makhleb (D:8)
  Sonja (Orc:3)
  3 orc knights
  An orc sorcerer (Orc:4)
  A centaur zombie (D:9)
  Maurice (Orc:3)
  The ghost of Ladykiller69 the Chopper, an experienced FoFi (D:6)
  A gargoyle (D:10)
  A queen bee (D:10)
  4 trolls
  Prince Ribbit (D:5)
  2 two-headed ogres
  A spriggan (D:7)
  10 yaks
  A hippogriff (D:9)
  A basilisk (D:9)
  A warg (Orc:4)
  Menkaure (D:5)
  2 water moccasins
  15 orc warriors
  A sky beast (D:6)
  4 porcupines (D:9)
  A necrophage (D:8)
  2 centaurs
  11 ogres
  6 crocodiles (D:9)
  A gnoll sergeant (D:8)
  6 giant frogs
  A wyvern zombie (D:9)
  A big kobold (D:10)
  5 scorpions
  24 killer bees
  3 wights (D:6)
  5 crimson imps
  3 hounds
  A giant frog skeleton (D:7)
  A jelly (D:8)
  19 orc priests
  Crazy Yiuf (D:3)
  A quasit (D:7)
  23 orc wizards
  3 iguanas
  4 worker ants
  A killer bee zombie (D:8)
  2 worker ant zombies
  2 river rats (D:9)
  8 gnolls
  10 adders
  2 shadow imps
  An adder zombie (D:7)
  4 worms
  An adder skeleton (D:8)
  142 orcs
  6 ball pythons
  7 bats
  A bat skeleton (D:5)
  5 giant cockroaches
  23 goblins
  21 hobgoblins
  5 jackals
  5 quokkas
  6 giant geckos
  A giant gecko zombie (D:8)
  2 giant newts
  24 kobolds
  20 rats
  A plant (D:9)
  2 toadstools (D:1)
479 creatures vanquished.

Vanquished Creatures (others)
  A quokka (D:5)
  A plant (D:9)
  2 toadstools (D:1)
4 creatures vanquished.

Grand Total: 483 creatures vanquished

Notes
Turn   | Place    | Note
--------------------------------------------------------------
     0 | D:1      | Fluffy the Hill Orc Fighter began the quest for the Orb.
     0 | D:1      | Reached XP level 1. HP: 19/19 MP: 1/1
    99 | D:1      | Reached XP level 2. HP: 12/27 MP: 2/2
   860 | D:1      | Reached skill level 4 in Fighting
   860 | D:1      | Reached XP level 3. HP: 30/33 MP: 3/3
  1141 | D:2      | Reached XP level 4. HP: 9/41 MP: 4/4
  2192 | D:3      | Found a shimmering altar of Xom.
  2507 | D:3      | Noticed Crazy Yiuf
  2513 | D:3      | Killed Crazy Yiuf
  2513 | D:3      | Reached XP level 5. HP: 41/47 MP: 5/5
  2646 | D:3      | Found a blossoming altar of Fedhas.
  2705 | D:4      | Reached skill level 5 in Fighting
  3035 | D:4      | Found Niotily's Antique Weapon Boutique.
  3095 | D:4      | Reached skill level 5 in Axes
  3095 | D:4      | Reached XP level 6. HP: 45/56 MP: 6/6
  3150 | D:4      | Found a stormy altar of Qazlal.
  3425 | D:5      | Entered Level 5 of the Dungeon
  3539 | D:5      | Reached skill level 5 in Armour
  3701 | D:5      | Found Ypuczac's Antique Armour Boutique.
  3793 | D:5      | Noticed Menkaure
  3799 | D:5      | Killed Menkaure
  3799 | D:5      | Reached skill level 6 in Fighting
  3799 | D:5      | Reached XP level 7. HP: 30/63 MP: 7/7
  4070 | D:5      | Noticed Prince Ribbit
  4070 | D:5      | Found a white marble altar of Elyvilon.
  4277 | D:5      | Killed Prince Ribbit
  4410 | D:5      | Reached skill level 7 in Fighting
  4410 | D:5      | Reached XP level 8. HP: 34/73 MP: 8/8
  4816 | D:6      | Noticed Ladykiller69's ghost (experienced FoFi)
  4836 | D:6      | Killed Ladykiller69's ghost
  4836 | D:6      | Reached skill level 8 in Axes
  5096 | D:6      | Reached XP level 9. HP: 65/82 MP: 9/9
  5173 | D:6      | Found a staircase to the Ecumenical Temple.
  5184 | Temple   | Entered the Ecumenical Temple
  5188 | Temple   | Became a worshipper of Warmaster Okawaru
  5565 | D:7      | Reached skill level 1 in Invocations
  5577 | D:7      | Reached skill level 9 in Axes
  5592 | D:7      | HP: 2/83 [yak (9)]
  5597 | D:7      | Acquired Okawaru's first power
  5656 | D:7      | HP: 3/84 [scorpion (5)]
  5926 | D:7      | Reached skill level 10 in Axes
  5968 | D:7      | Found a shattered altar of Ashenzari.
  6318 | D:7      | Found a deep blue altar of Sif Muna.
  6392 | D:7      | Reached XP level 10. HP: 93/93 MP: 13/13
  6481 | D:7      | Reached skill level 10 in Fighting
  6481 | D:7      | Reached skill level 5 in Invocations
  6717 | D:7      | Found a snail-covered altar of Cheibriados.
  6718 | D:7      | Found a sacrificial altar of Ru.
  6953 | D:8      | Noticed OrbSeeker's ghost (experienced GrEE)
  6968 | D:8      | Killed OrbSeeker's ghost
  6968 | D:8      | Reached skill level 11 in Axes
  7213 | D:8      | Identified a scroll of acquirement
  7214 | D:8      | Got a pair of slimy gloves
  7220 | D:8      | Identified the +2 pair of gloves of Hievaxt Tipn {rCorr Stlth+} (You acquired it on level 8 of the Dungeon)
  7709 | D:9      | Reached skill level 10 in Armour
  7711 | D:9      | Reached XP level 11. HP: 54/102 MP: 16/16
  7723 | D:9      | Reached skill level 12 in Axes
  8065 | D:9      | Found a staircase to the Lair.
  8196 | D:9      | Got a pair of pitted gloves
  8207 | D:9      | Identified the +1 pair of gloves of Elitism {-Tele MR+++ rCorr Dex+2} (You acquired it on level 9 of the Dungeon)
  8258 | D:9      | Got a faintly glowing helmet
  8269 | D:9      | Identified the cursed -5 helmet of Life {rN+ MP+9 Dex+3} (You found it on level 9 of the Dungeon)
  8632 | D:10     | Entered Level 10 of the Dungeon
  8639 | D:10     | Acquired Okawaru's second power
  8685 | D:10     | Found a flagged portal.
  8690 | Bailey   | Entered a bailey
  9364 | Bailey   | Noticed an orc knight
  9391 | Bailey   | Killed an orc knight
  9857 | D:10     | Received a gift from Okawaru
  9863 | D:10     | Got a warped hat {god gift}
  9874 | D:10     | Identified the +0 hat "Sexeas" {Dex+6} (Okawaru gifted it to you on level 10 of the Dungeon)
  9956 | D:10     | Found a staircase to the Orcish Mines.
 10262 | Orc:1    | Entered Level 1 of the Orcish Mines
 11371 | Orc:3    | Reached skill level 13 in Fighting
 11478 | Orc:3    | Found a roughly hewn altar of Beogh.
 11481 | Orc:3    | Noticed Maurice
 11490 | Orc:3    | Reached XP level 12. HP: 91/115 MP: 19/19
 11725 | Orc:3    | Noticed Sonja
 11729 | Orc:3    | Killed Sonja
 11729 | Orc:3    | Reached skill level 10 in Invocations
 12014 | Orc:3    | Noticed an orc knight
 12025 | Orc:3    | Killed an orc knight
 12468 | Orc:3    | Killed Maurice
 12651 | Orc:4    | Entered Level 4 of the Orcish Mines
 12693 | Orc:4    | Found a staircase to the Elven Halls.
 12743 | Orc:4    | Found Funitae's Assorted Antiques.
 12937 | Orc:4    | Found Velaribb's Antique Weapon Boutique.
 12948 | Orc:4    | Noticed an orc high priest
 12966 | Orc:4    | Killed from afar by an orc sorcerer

Vault maps used:
D:1:      ldierk_walled_garden_2, hex_large, minmay_bisected
D:2:      lemuel_upstairs_altar
D:3:      xom_teletrap_fun, first_bread, wad_floor_pattern_untrapped,
          hangedman_decor_clover_reticule, corexii_item_surrounded_by_moat,
          fedhas_altar_4, uniq_crazy_yiuf_cottage
D:4:      kennysheep_mini_moat, serial_shops, kennysheep_mini,
          patterned_corridor
D:5:      elyvilon_altar_4, serial_shops, nicolae_shop_window_shopping,
          grunt_ministairs_9, uniq_menkaure, uniq_prince_ribbit1
D:6:      minmay_temple_entry_fiery, minmay_misc_feat_tiny, amalloy_card_club
D:7:      kennysheep_orc_sif_temple, nicolae_ashenzari_panopticon,
          gammafunk_temple_overflow_statue, the_bakery
D:8:      st_stairs_5
D:9:      minmay_lair_entry_grove
D:10:     orc_0_dummy, special_room, enter_bailey_3, spider_trap
Temple:   triangle_lava_temple_12
Orc:3:    basic_altar, nicolae_orc_pool_cavern, uniq_maurice, uniq_sonja
Orc:4:    st_orc_elflike, serial_shops, shop
Bailey:   bailey_polearm_2, bailey

Action                   |  1- 3 |  4- 6 |  7- 9 | 10-12 || total
-------------------------+-------+-------+-------+-------++-------
Melee: War axe           |   122 |   223 |   146 |       ||   491
       Battleaxe         |       |       |   123 |   299 ||   422
       Executioner's axe |       |       |       |   251 ||   251
 Fire: Arbalest          |       |       |       |    36 ||    36
Invok: Heroism           |       |       |       |     5 ||     5
       Finesse           |       |       |       |     1 ||     1
Evoke: Wand              |       |       |       |     4 ||     4
  Use: Scroll            |       |       |    21 |    16 ||    37
       Potion            |       |       |     5 |     5 ||    10
  Eat: Chunk             |     1 |     9 |     9 |    22 ||    41
